 Dungeon Crawl Stone Soup version 0.32-a0-468-g38b2580 (webtiles) character file.

Game seed: 8665110095220064801

13589 whguseh43 the Carver (level 12, -1/144 HPs)
             Began as a Coglin Gladiator on Feb 24, 2024.
             Was an Elder of Trog.
             Slain by a vampire (8 damage)
             ... on level 10 of the Dungeon.
             The game lasted 00:25:31 (12883 turns).

whguseh43 the Carver (Coglin Gladiator)            Turns: 12883, Time: 00:25:32

Health: -1/144     AC:  8    Str: 15    XL:     12   Next: 7%
Magic:  12/12      EV: 18    Int:  7    God:    Trog [****..]
Gold:   682        SH:  0    Dex: 21    Spells: 11/11 levels left

rFire   . . .        a - +0 long sword {Jaspreet}
rCold   . . .        C - +0 rapier "Fyitueje" {freeze, rPois}
rNeg    . . .        y - +1 steam dragon scales
rPois   +            c - +0 helmet
rElec   .            (no cloak)
rCorr   .            (no gloves)
SInv    .            (no boots)
Will    .....        f - amulet of faith Stlth
                     (ring unavailable)
HPRegen 0.44/turn    (ring unavailable)
MPRegen 0.13/turn

%: faith
@: berserking, revved, very quick
A: off-hand wielding, slow wielding, warmup strikes, no rings
a: Renounce Religion, Berserk, Trog's Hand, Brothers in Arms


You were on level 10 of the Dungeon.
You worshipped Trog.
Trog was greatly pleased with you.
You visited 2 branches of the dungeon, and saw 11 of its levels.
You also visited: Bailey.

You collected 682 gold pieces.

Inventory:

Hand Weapons
 a - a +0 long sword (weapon) {Jaspreet}
 s - a +0 long sword {Doyun}
 t - a +2 short sword of flaming {Chun}
 B - a +1 scimitar of freezing {Octavia}
 C - the +0 rapier "Fyitueje" (offhand) {freeze, rPois}
   (You took it off a spriggan in a bailey)

   rPois:     It protects you from poison
Missiles
 d - 3 throwing nets
 e - a javelin
 g - 70 poisoned darts (quivered)
 L - 3 silver javelins
Armour
 c - a +0 helmet (worn)
 n - the +0 plate armour of Hero {rN+}
   (You found it on level 2 of the Dungeon)

   rN+:       It protects you from negative energy.
 y - +1 steam dragon scales (worn)
 z - a +0 cloak
 S - +0 acid dragon scales
Jewellery
 f - an amulet of faith (around neck)
 I - an amulet of reflection
Talismans
 T - a granite talisman
Wands
 b - a wand of polymorph (5)
 u - a wand of flame (80)
 M - a wand of mindburst (2)
 O - a wand of iceblast (6)
 R - a wand of digging (2)
Scrolls
 h - 3 scrolls of amnesia
 i - a scroll of brand weapon {unknown}
 j - 2 scrolls of teleportation
 o - a scroll of vulnerability {unknown}
 p - a scroll of noise {unknown}
 r - a scroll of silence
 v - 2 scrolls of immolation
 x - 2 scrolls of enchant armour
 E - a scroll of blinking
 F - a scroll of fear
 H - a scroll of enchant weapon {unknown}
 J - a scroll of revelation {unknown}
 N - a scroll of fog {unknown}
Potions
 k - 2 potions of brilliance
 l - 4 potions of heal wounds
 m - 6 potions of attraction
 q - 4 potions of enlightenment
 w - a potion of ambrosia {unknown}
 A - a potion of curing
 D - 2 potions of resistance
 G - 3 potions of magic
 K - a potion of mutation {unknown}
 P - a potion of lignification
Miscellaneous
 Q - a condenser vane


   Skills:
 + Level 9.6 Fighting
 - Level 12.0 Long Blades
 + Level 4.8 Throwing
 - Level 4.0 Armour
 + Level 8.8 Dodging
 - Level 6.0 Evocations
 + Level 0.0 Shapeshifting


You had 11 spell levels left.
You didn't know any spells.
Your spell library contained the following spells:

 Spells                   Type           Power      Damage    Failure   Level
 Freeze                   Ice            0%         1d3       43%         1
 Sandblast                Erth           0%         2d4       43%         1
 Frozen Ramparts          Ice            0%         1d1       80%         3
 Hailstorm                Conj/Ice       0%         3d5       80%         3
 Passwall                 Erth           0%         N/A       80%         3
 Stone Arrow              Conj/Erth      0%         3d7       80%         3
 Brom's Barrelling Bould  Conj/Erth      0%         2d3       99%         4
 Malign Gateway           Summ/Tloc      0%         N/A       100%        7
 Summon Horrible Things   Summ           0%         N/A       100%        8


Dungeon Overview and Level Annotations

Branches:
Dungeon (10/15)            Temple (1/1) D:4          Bailey (visited)
   Lair: D:8-11         Orc: D:9-12

Altars:
Ashenzari
Cheibriados
Dithmenos
Elyvilon
Fedhas
Gozag
Hepliaklqana
Kikubaaqudgha
Makhleb
Nemelex Xobeh
Okawaru
Qazlal
Ru
Sif Muna
Trog
Uskayaw
Vehumet
Wu Jian
Xom
Yredelemnul
Zin
The Shining One

Shops:
D:3 [

Annotations:
D:8 2 transporters, exclusion: obsidian statue


Innate Abilities, Weirdness & Mutations

You can wield a second weapon in your off-hand.
It takes a long time for you to wield or remove held weapons.
Your first few attacks do less damage.
Your grasper-arms cannot wear rings.


Message History

You hit something but do no damage.
You hit something with the +0 rapier "Fyitueje".
Something hits you but does no damage. Something bites you!
Something draws strength from your injuries!
You hit something but do no damage.
You hit something with your +0 long sword.
Something hits you but does no damage. Something bites you.
Something draws strength from your injuries!
You hit something but do no damage.
You closely miss something with the +0 rapier "Fyitueje".
You barely miss something with the +0 rapier "Fyitueje".
You barely miss something with your +0 long sword.
Something hits you! Something bites you!
* * * LOW HITPOINT WARNING * * *
Something draws strength from your injuries!
You hit something but do no damage.
You hit something with the +0 rapier "Fyitueje".
Something hits you but does no damage. Something bites you!
* * * LOW HITPOINT WARNING * * *
Something draws strength from your injuries!
A red film seems to cover your vision as you go berserk!
You feel yourself moving faster!
You feel mighty! Something hits you but does no damage. Something bites you!
* * * LOW HITPOINT WARNING * * *
Something draws strength from your injuries!
You barely miss something with your +0 long sword.
You miss something with the +0 rapier "Fyitueje".
Something hits you but does no damage. Something bites you.
* * * LOW HITPOINT WARNING * * *
Something draws strength from your injuries!
You barely miss something with your +0 long sword.
You puncture something with the +0 rapier "Fyitueje"!
You freeze something.
You hit something with the +0 rapier "Fyitueje".
You freeze something.
You hit something with your +0 long sword.
Something hits you.
* * * LOW HITPOINT WARNING * * *
Something bites you!
You die...

~~...........~######..≈...~...###
≈~~..........~~~≈~~~~~~≈..~~~≈≈≈≈
≈≈≈≈.......................≈~.~~~
#≈≈≈~..............####..........
##≈≈≈..............#>.#.........♣
.#≈≈~..............#..#..........
##≈≈~....####......##'#..........
#~≈≈~....#..#................)...
.~≈≈~....#..#...@{..........#####
.≈≈≈~....#'##..####.........'.)..
.~≈≈~..........#..#.........#....
.~≈≈~..........#..#.........#....
.~~~~..........##)#.........#....
....[...................⌠...#####
.................................
.≈~~~............................
~≈≈≈≈....##'#..#'##..........#'##


There were no monsters in sight!

Vanquished Creatures
  4 two-headed ogres
  A manticore (D:10)
  6 trolls (D:10)
  A merfolk (D:10)
  3 spriggans (Bailey)
  10 yaks
  A wraith (D:9)
  3 wyverns
  Eustachio (D:6)
  A hog (D:9)
  4 steam dragons
  3 vampire mosquitoes (D:10)
  Edmund (D:6)
  An acid dragon (D:10)
  Duvessa (D:5)
  8 orc warriors
  An ice beast (D:8)
  7 black bears
  5 ogres
  3 centaurs
  6 kobold brigands
  Blork the orc (D:4)
  9 bullfrogs
  A gnoll sergeant (D:8)
  2 scorpions
  4 wights (D:8)
  Dowan (D:5)
  3 killer bees
  8 howler monkeys
  4 electric eels (D:10)
  A bombardier beetle (D:6)
  3 gnoll boudas
  2 jellies (D:8)
  7 orc priests
  Crazy Yiuf (D:7)
  A hound (D:6)
  2 sleepcaps
  An iguana (D:5)
  Ijyb (D:3)
  11 orc wizards
  Natasha (thrice) (D:4)
  Robin (D:4)
  8 gnolls
  5 adders
  2 white imps
  6 ufetubi
  4 dart slugs
  A ribbon worm (D:3)
  32 orcs
  9 bats
  10 endoplasms
  4 giant cockroaches
  18 goblins
  10 hobgoblins
  27 kobolds
  3 quokkas
  7 ball pythons
  4 frilled lizards
  5 rats
  A spectral kobold (D:1)
294 creatures vanquished.

Vanquished Creatures (others)
  A howler monkey (D:8)
  An orc (D:8)
2 creatures vanquished.

Grand Total: 296 creatures vanquished

Notes
Turn   | Place    | Note
-------+----------+-------------------------------------------
     0 | D:1      | whguseh43 the Coglin Gladiator began the quest for the Orb.
     0 | D:1      | Reached XP level 1. HP: 16/16 MP: 1/1
    20 | D:1      | Found a faded altar of an unknown god.
   119 | D:1      | Reached XP level 2. HP: 22/22 MP: 2/2
   566 | D:1      | Reached XP level 3. HP: 28/28 MP: 3/3
   838 | D:2      | Identified the +0 plate armour of Hero {rN+}
  1368 | D:2      | Reached XP level 4. HP: 34/34 MP: 4/4
  1760 | D:3      | Reached skill level 4 in Long Blades
  1826 | D:3      | Noticed Ijyb
  1833 | D:3      | Killed Ijyb
  1868 | D:3      | Found Ollio's Antique Armour Shop.
  2166 | D:3      | Reached XP level 5. HP: 38/41 MP: 5/5
  2554 | D:4      | Found a staircase to the Ecumenical Temple.
  2555 | D:4      | Noticed Natasha
  2560 | D:4      | Killed Natasha
  2567 | Temple   | Entered the Ecumenical Temple
  2580 | Temple   | Became a worshipper of Trog the Wrathful
  2642 | D:4      | Noticed Natasha
  2650 | D:4      | Noticed Robin
  2660 | D:4      | Killed Natasha
  2674 | D:4      | Killed Robin
  2817 | D:4      | Reached skill level 5 in Long Blades
  2888 | D:4      | Reached XP level 6. HP: 47/47 MP: 6/6
  2916 | D:4      | Noticed a black bear
  2920 | D:4      | Killed a black bear
  3043 | D:4      | Reached XP level 7. HP: 37/54 MP: 7/7
  3046 | D:4      | Reached * piety under Trog
  3342 | D:4      | Noticed Blork the orc
  3348 | D:4      | Killed Blork the orc
  3349 | D:4      | Reached skill level 6 in Long Blades
  3473 | D:4      | Noticed Natasha
  3477 | D:4      | Killed Natasha
  3544 | D:5      | Entered Level 5 of the Dungeon
  3680 | D:5      | Noticed Dowan
  3681 | D:5      | Noticed Duvessa
  3705 | D:5      | Killed Duvessa
  3706 | D:5      | Reached skill level 1 in Armour
  3708 | D:5      | Reached XP level 8. HP: 41/61 MP: 8/8
  3842 | D:5      | Killed Dowan
  3843 | D:5      | Reached skill level 7 in Long Blades
  4187 | D:6      | Noticed Eustachio
  4198 | D:6      | Killed Eustachio
  4199 | D:6      | Reached skill level 5 in Fighting
  4322 | D:6      | Identified the staff of Regicide {rElec rC+ Ice Air}
  4340 | D:6      | Noticed Edmund
  4353 | D:6      | Killed Edmund
  4868 | D:6      | Reached skill level 8 in Long Blades
  4868 | D:6      | Reached skill level 5 in Dodging
  5223 | D:7      | Reached XP level 9. HP: 69/69 MP: 9/9
  5224 | D:7      | Reached ** piety under Trog
  5573 | D:7      | Found a blossoming altar of Fedhas.
  5695 | D:7      | Reached skill level 9 in Long Blades
  5855 | D:7      | Found a runed translucent door.
  5856 | D:7      | Noticed Crazy Yiuf
  6175 | D:7      | Killed Crazy Yiuf
  6420 | D:8      | Reached *** piety under Trog
  6421 | D:8      | Reached skill level 10 in Long Blades
  6538 | D:8      | Reached XP level 10. HP: 53/79 MP: 10/10
  6713 | D:8      | Found a flagged portal.
  6741 | Bailey   | Entered a bailey
  6904 | Bailey   | Identified the +0 rapier "Fyitueje" {freeze, rPois}
  7045 | Bailey   | Noticed a two-headed ogre
  7064 | Bailey   | Killed a two-headed ogre
  7065 | Bailey   | Reached skill level 11 in Long Blades
  7341 | D:8      | Noticed a cyclops
  7342 | D:8      | Found a transporter.
  7342 | D:8      | Noticed an obsidian statue
  7343 | D:8      | Noticed a deep elf pyromancer
  7343 | D:8      | Noticed a cyclops
  8062 | D:8      | Found a transporter.
  8807 | D:9      | Reached **** piety under Trog
  9222 | D:9      | Noticed a two-headed ogre
  9233 | D:9      | Killed a two-headed ogre
  9234 | D:9      | Reached skill level 1 in Evocations
  9234 | D:9      | Reached XP level 11. HP: 87/87 MP: 11/11
  9633 | D:9      | Noticed a two-headed ogre
  9640 | D:9      | Killed a two-headed ogre
  9735 | D:10     | Entered Level 10 of the Dungeon
 10231 | D:10     | Noticed a manticore
 10238 | D:10     | HP: 3/130 [manticore (11)]
 10239 | D:10     | Killed a manticore
 10433 | D:10     | Noticed a two-headed ogre
 10470 | D:10     | Killed a two-headed ogre
 11260 | D:10     | Found a shimmering blue altar of Sif Muna.
 11379 | D:10     | Reached skill level 5 in Evocations
 12000 | D:10     | Reached skill level 12 in Long Blades
 12206 | D:10     | Reached XP level 12. HP: 87/96 MP: 12/12
 12883 | D:10     | HP: 7/144 [something (2)]
 12883 | D:10     | Slain by a vampire

Illustrated notes

Levels and vault maps discovered:
D:1:      nicolae_arrival_escape_room, layout_loops_ring,
          dreamdust_ecumenical_altar_drowned_temple
D:2:      layout_basic
D:3:      layout_rooms, serial_shops, shop, kennysheep_generic_room_7, uniq_ijyb
D:4:      layout_loops_corners, minmay_temple_entry_large_hall,
          chequers_serial_rivers_room_b, minmay_misc_feat_diagonals,
          nicolae_goblin_pals, uniq_blork_the_orc, uniq_natasha
D:5:      layout_cave_pools, amethyst_killhole, uniq_duvessa
D:6:      layout_loops_ring, amcnicky_mini_pool_medium, uniq_eustachio,
          uniq_edmund
D:7:      layout_loops_ring, mainiacjoe_overflow_cross_hatched,
          grunt_ministairs_5, serial_library_hellmonk_junction, feat_on_display,
          uniq_crazy_yiuf_cottage
D:8:      gammafunk_sealed_arena, layout_layer_cave, enter_bailey_5
D:9:      layout_long_grid, minmay_misc_feat_tower
D:10:     kennysheep_town
Temple:   grunt_wide_crystal_templ

Skill      XL: |  1  2  3  4  5  6  7  8  9 10 11 12 |
---------------+-------------------------------------+-----
Throwing       | 2 4 |  4.8
Dodging        | 3 4 5 6 7 8 |  8.8
Long Blades    | 4 5 6 8 10 11 12 | 12.0
Fighting       | 3 4 5 7 8 9 |  9.6
Armour         | 1 2 3 4 |  4.0
Evocations     | 1 5 6 |  6.0

Action                     |  1- 3 |  4- 6 |  7- 9 | 10-12 || total
---------------------------+-------+-------+-------+-------++-------
  Melee: Long sword        |   139 |    98 |   218 |   413 ||   868
         Flail             |    17 |     1 |       |       ||    18
         Short sword       |       |    78 |   211 |    40 ||   329
         Rapier            |       |       |       |   343 ||   343
         Scimitar          |       |       |       |    19 ||    19
  Throw: Dart              |       |       |       |    22 ||    22
 Invoke: Berserk           |       |       |     5 |    15 ||    20
         Trog's Hand       |       |       |     1 |     5 ||     6
  Evoke: Wand              |       |       |       |     5 ||     5
    Use: Scroll            |       |     4 |     3 |     9 ||    16
   Stab: Sleeping          |       |       |     1 |     2 ||     3
         Distracted        |       |       |     1 |       ||     1
 Armour: Leather armour    |    82 |    42 |    75 |       ||   199
         Steam dragon scal |       |       |    49 |   297 ||   346
  Dodge: Dodged            |   106 |    55 |   145 |   408 ||   714

Table legend: (Time is in decaauts)
 A = Elapsed time spent in this place.
 B = Non-inter-level travel time spent in this place.
 C = Inter-level travel time spent in this place.
 D = Time resting spent in this place.
 E = Time spent auto-exploring this place.
 F = Levels seen in this place.
 G = Mean time per level.
                   A        B        C        D        E       F      G
               +--------+--------+--------+--------+--------+-----+--------+
         Total |  13022 |  12670 |    352 |   1497 |   8948 |  12 | 1085.2 |
       Dungeon |  12384 |  12056 |    328 |   1372 |   8567 |  10 | 1238.4 |
        Temple |     26 |      2 |     24 |      0 |      0 |   1 |   26.0 |
        Bailey |    611 |    611 |      0 |    125 |    381 |   1 |  611.0 |
               +--------+--------+--------+--------+--------+-----+--------+

Top non-repeatable levels by time:
    D:10: 2865 daAuts
     D:8: 1657 daAuts
     D:9: 1488 daAuts
     D:4: 1340 daAuts
     D:7: 1187 daAuts
     D:6: 1025 daAuts
     D:2: 956 daAuts
     D:1: 840 daAuts
  Bailey: 611 daAuts
     D:3: 528 daAuts
     D:5: 496 daAuts
  Temple: 26 daAuts
